 Dungeon Crawl Stone Soup version 0.30.1-11-g7821555f0a (webtiles) character file.

Game seed: 3601842687433881314

1016 fireball365 the Cleaver (level 8, -1/70 HPs)
             Began as a Hill Orc Fighter on Dec 14, 2023.
             Was an Initiate of Gozag.
             Succumbed to a hornet's poison
             ... on level 5 of the Dungeon.
             The game lasted 00:11:30 (4915 turns).

fireball365 the Cleaver (Hill Orc Fighter)          Turns: 4915, Time: 00:11:30

Health: -1/70      AC: 10    Str: 21    XL:     8   Next: 21%
Magic:  8/8        EV: 10    Int:  8    God:    Gozag
Gold:   525        SH: 10    Dex: 10    Spells: 7/7 levels left

rFire   x . .        a - +0 war axe
rCold   . . .        c - +0 buckler
rNeg    . . .        j - +3 scale mail
rPois   .            (no helmet)
rElec   .            (no cloak)
rCorr   .            (no gloves)
SInv    .            (no boots)
Will    .....        r - amulet of reflection Stlth
                     (no ring)
HPRegen 0.31/turn    (no ring)
MPRegen 0.11/turn

%: reflection
@: lethally poisoned (-1 -> -24), slowed, very slow
A: talons 1, heat vulnerability 1
a: Renounce Religion, Potion Petition, Call Merchant, Bribe Branch


You were on level 5 of the Dungeon.
You worshipped Gozag.
Gozag was pleased with you.
You visited 2 branches of the dungeon, and saw 6 of its levels.
You also visited: Sewer.

You collected 592 gold pieces.
You paid 67 gold pieces to Gozag.

Inventory:

Hand Weapons
 a - a +0 war axe (weapon)
Armour
 c - a +0 buckler (worn)
 j - a +3 scale mail (worn)
Jewellery
 r - an amulet of reflection (around neck)
 s - an amulet of the acrobat
Wands
 f - a wand of flame (28)
 p - a wand of polymorph (9)
Scrolls
 b - a scroll of identify
 k - 3 scrolls of enchant weapon
 l - a scroll of blinking
 n - 3 scrolls of vulnerability
 q - 2 scrolls of fear
 t - a scroll of teleportation
 v - a scroll of torment {unknown}
Potions
 d - 2 potions of might
 e - a potion of lignification (quivered)
 g - a potion of curing {unknown}
 i - a potion of haste
 m - 2 potions of invisibility {unknown}
 o - a potion of cancellation
 u - 2 potions of mutation
 w - a potion of resistance {unknown}
 x - a potion of experience {unknown}


   Skills:
 + Level 5.7 Fighting
 + Level 8.2 Axes
 + Level 5.4 Armour
 + Level 1.8 Dodging
 + Level 0.3 Stealth
 + Level 5.1 Shields


You had 7 spell levels left.
You didn't know any spells.
Your spell library contained the following spells:

 Spells                   Type           Power      Damage    Failure   Level
 Ensorcelled Hibernation  Hex/Ice        0%         N/A       90%         2
 Hailstorm                Conj/Ice       0%         3d3       99%         3
 Spider Form              Tmut/Pois      0%         N/A       99%         3
 Anguish                  Hex/Necr       0%         N/A       100%        4
 Ice Form                 Ice/Tmut       0%         N/A       100%        4
 Simulacrum               Ice/Necr       Unusable   N/A       N/A         6

Dungeon Overview and Level Annotations

Branches:
Dungeon (5/15)             Temple (1/1) D:4           Sewer (visited)

Altars:
Cheibriados
Gozag
Hepliaklqana
Kikubaaqudgha
Okawaru
Sif Muna
Uskayaw
Vehumet
Xom


Innate Abilities, Weirdness & Mutations

You have sharp toenails.
You are vulnerable to heat. (rF-)


Message History

You hit the hornet but do no damage.
The hornet is moderately wounded.
The hornet stings you.
You feel as though you will be slow longer.
You block the hornet's attack.
You closely miss the hornet.
The hornet is moderately wounded.
The hornet completely misses you.
The hornet stings you but does no damage.
You barely miss the hornet.
The hornet is moderately wounded.
The hornet stings you!
You feel as though you will be slow longer.
The hornet stings you.
You are poisoned.
You suddenly lose the ability to move!
The hornet stings you.
You feel as though you will be slow longer.
You feel very sick. The hornet stings you!
You are more poisoned.
You feel as though you will be slow longer.
You feel very sick. The hornet stings you.
* * * LOW HITPOINT WARNING * * *
You feel as though you will be slow longer.
The hornet stings you!
* * * LOW HITPOINT WARNING * * *
You feel as though you will be slow longer.
You can move again.
You feel much better.
You feel very sick. The hornet stings you!
* * * LOW HITPOINT WARNING * * *
You are more poisoned.
You feel as though you will be slow longer.
You block the hornet's attack.
It was a potion of mutation.
You feel extremely strange.
Your toenails lengthen and sharpen.
You feel vulnerable to heat.
You die...
Your body crumbles into a pile of gold.

...# .. #..... ...# ...
#....####++####...#
...######....#≈≈≈..≈≈≈#...#
.......#....#≈......≈#...#
.....+....#≈.♣..♣§§#.§.#
#...#....+......§§§§§§#
##...#....+......§§§§§§#
#....'.@..#≈.♣..♣§§#§§§#
#....#.y..#≈......≈#§§§#
#.)))#....#≈≈≈..≈≈≈#§§§#
###..#....####++####§§§#
##'######.. ..........#
#.......#.............#
#.......# .........>..#
+.......# ............#
#.......# ..........#


You could see a hornet.

Vanquished Creatures
  Grinder (Sewer)
  2 water moccasins (D:5)
  A kobold brigand (Sewer)
  2 scorpions
  2 quasits (Sewer)
  2 hounds
  An orc priest (D:5)
  An iguana (D:4)
  4 gnolls
  6 adders
  2 shadow imps (Sewer)
  2 ufetubi (Sewer)
  A worm (D:2)
  A dart slug (D:4)
  10 orcs
  13 endoplasms
  4 giant cockroaches
  8 goblins
  7 hobgoblins
  8 jackals
  19 kobolds
  8 quokkas
  6 ball pythons
  6 bats
  3 frilled lizards
  A kobold zombie (Sewer)
  4 rats
  A spectral goblin (D:2)
126 creatures vanquished.

Vanquished Creatures (others)
  A giant cockroach zombie (Sewer)
  A kobold (Sewer)
2 creatures vanquished.

Grand Total: 128 creatures vanquished

Notes
Turn   | Place    | Note
-------+----------+-------------------------------------------
     0 | D:1      | fireball365 the Hill Orc Fighter began the quest for the
                  | Orb.
     0 | D:1      | Reached XP level 1. HP: 19/19 MP: 1/1
    90 | D:1      | Reached XP level 2. HP: 15/27 MP: 2/2
   193 | D:1      | Reached skill level 3 in Axes
   466 | D:1      | Reached XP level 3. HP: 29/33 MP: 3/3
   902 | D:2      | Found a faded altar of an unknown god.
  1070 | D:2      | Reached skill level 4 in Axes
  1070 | D:2      | Reached XP level 4. HP: 40/40 MP: 4/4
  2784 | D:4      | Noticed a scorpion
  2798 | D:4      | Killed a scorpion
  2799 | D:4      | Reached skill level 5 in Axes
  2799 | D:4      | Reached XP level 5. HP: 33/47 MP: 5/5
  2951 | D:4      | Found a shimmering blue altar of Sif Muna.
  3121 | D:4      | Found a staircase to the Ecumenical Temple.
  3136 | Temple   | Entered the Ecumenical Temple
  3174 | Temple   | Became a worshipper of Gozag Ym Sagoz the Greedy
  3226 | D:4      | Reached skill level 1 in Dodging
  3226 | D:4      | Reached XP level 6. HP: 47/53 MP: 6/6
  3668 | D:5      | Entered Level 5 of the Dungeon
  3711 | D:5      | Reached skill level 6 in Axes
  3811 | D:5      | Found a glowing drain.
  3842 | D:5      | Noticed a water moccasin
  3884 | D:5      | Killed a water moccasin
  3885 | D:5      | Reached XP level 7. HP: 12/60 MP: 7/7
  3892 | D:5      | HP: 3/60 [poisoned by a water moccasin]
  4126 | Sewer    | Entered a sewer
  4205 | Sewer    | Reached skill level 5 in Fighting
  4273 | Sewer    | Found a burning altar of Makhleb.
  4290 | Sewer    | Noticed Grinder
  4305 | Sewer    | Paralysed by Grinder for 5 turns
  4306 | Sewer    | Reached skill level 7 in Axes
  4315 | Sewer    | Killed Grinder
  4316 | Sewer    | Reached skill level 5 in Armour
  4334 | Sewer    | Reached XP level 8. HP: 34/69 MP: 8/8
  4743 | D:5      | Reached skill level 8 in Axes
  4743 | D:5      | Reached skill level 5 in Shields
  4902 | D:5      | Noticed a hornet
  4911 | D:5      | Paralysed by a hornet for 3 turns
  4915 | D:5      | Gained mutation: You have sharp toenails. [potion of
                  | mutation]
  4915 | D:5      | Gained mutation: You are vulnerable to heat. (rF-) [potion
                  | of mutation]
  4915 | D:5      | Succumbed to a hornet's poison

Illustrated notes

Levels and vault maps discovered:
D:1:      spicycebolla_arrival_clurvy, layout_basic,
          hangedman_abyss_or_decor_stabs
D:2:      layout_basic, dreamdust_ecumenical_altar_drowned_temple
D:3:      layout_basic
D:4:      minmay_octagon_keep, layout_loops_ring, lemuel_blue_sif_altar,
          minmay_temple_entry_glass
D:5:      lemuel_ratsnest, layout_gridville, portal_sewer_entry_f,
          kennysheep_generic_room_6
Temple:   jpeg_temple_clearing

Skill      XL: |  1  2  3  4  5  6  7  8 |
---------------+-------------------------+-----
Axes           | 3 4 5 6 7 8 |  8.2
Fighting       | 4 5 |  5.7
Armour         | 4 5 |  5.4
Dodging        | 1 |  1.8
Shields        | 4 5 |  5.1
Stealth        | |  0.3

Action                     |  1- 3 |  4- 6 |  7- 9 || total
---------------------------+-------+-------+-------++-------
  Melee: War axe           |   119 |   190 |    78 ||   387
    Use: Scroll            |       |     9 |       ||     9
         Potion            |       |     3 |     3 ||     6
   Stab: Distracted        |       |       |     1 ||     1
 Armour: Scale mail        |    67 |   116 |    85 ||   268
  Dodge: Dodged            |    59 |   124 |    60 ||   243
  Block: Buckler           |    22 |    87 |    44 ||   153
         Reflection        |       |     1 |     5 ||     6
